 Dungeon Crawl Stone Soup version 0.32-a0-685-g93135e86f0 (webtiles) character file.

Game seed: 3874349088259243470

121 Griffin23 the Trooper (level 4, -3/41 HPs)
             Began as a Minotaur Fighter on Mar 12, 2024.
             Succumbed to an orc's poison
             ... on level 3 of the Dungeon.
             The game lasted 00:03:29 (1963 turns).

Griffin23 the Trooper (Minotaur Fighter)            Turns: 1963, Time: 00:03:30

Health: -3/41      AC: 12    Str: 22    XL:     4   Next: 76%
Magic:  3/3        EV:  6    Int:  5    God:
Gold:   44         SH:  4    Dex: 10    Spells: 3/3 levels left

rFire   . . .        a - +0 long sword
rCold   . . .        c - +0 buckler
rNeg    . . .        l - +0 plate armour
rPois   .            (helmet restricted)
rElec   .            (no cloak)
rCorr   .            (no gloves)
SInv    .            (no boots)
Will    .....        (no amulet) Stlth
                     (no ring)
HPRegen 0.26/turn    (no ring)
MPRegen 0.08/turn

%: no passive effects
@: lethally poisoned (-3 -> -33)
A: horns 2, retaliatory headbutt
a: no special abilities


You were on level 3 of the Dungeon.
You visited 1 branch of the dungeon, and saw 3 of its levels.

You collected 44 gold pieces.

Inventory:

Hand Weapons
 a - a +0 long sword (weapon)
Armour
 b - a +0 scale mail
 c - a +0 buckler (worn)
 l - a +0 plate armour (worn)
 p - a scarf of shadows
Jewellery
 j - a +6 ring of intelligence
Scrolls
 e - 2 scrolls of enchant armour {unknown}
 f - 4 scrolls of identify {unknown}
 g - 2 scrolls of fear {unknown}
 m - 2 scrolls of noise {unknown}
 n - a scroll of blinking {unknown}
 q - a scroll of poison {unknown}
Potions
 d - a potion of might
 h - 2 potions of haste
 i - a potion of mutation {unknown}
 k - a potion of attraction {unknown}
 o - 2 potions of cancellation
 r - a potion of degeneration {unknown}
 s - a potion of curing {unknown}


   Skills:
 * Level 4.5 Fighting
 * Level 4.1 Long Blades
 * Level 4.5 Armour
 * Level 4.3 Shields


You had 3 spell levels left.
You didn't know any spells.
Your spell library contained the following spells:

 Spells                   Type           Power      Damage    Failure   Level
 Kiss of Death            Conj/Necr      0%         2d5       100%        1
 Confusing Touch          Hex            0%         N/A       100%        3
 Passwall                 Erth           0%         N/A       100%        3
 Volatile Blastmotes      Fire/Tloc      0%         2d10      100%        3
 Dispel Undead            Necr           0%         3d6       100%        4
 Bombard                  Conj/Erth      0%         9d1       100%        6


Dungeon Overview and Level Annotations

Branches:
Dungeon (3/15)

Altars:
Elyvilon


Innate Abilities, Weirdness & Mutations

You have a pair of horns on your head.
You reflexively headbutt those who attack you in melee.


Message History

You slash the orc!
You kill the orc!
You barely miss the orc. You headbutt the orc!
You kill the orc!
The orc sings a few bars from the Orcish anthem.
The orc hits you but does no damage.
You are poisoned.
Items here: )) [ †††.
You hit the orc.
The orc is heavily wounded.
You feel very sick.
An orc wizard comes into view. It is wielding a +0 dagger.
The orc hits you with a +1 dagger of venom.
You are more poisoned.
You barely miss the orc.
The orc is heavily wounded.
You feel very sick. The orc hits you but does no damage.
You are more poisoned.
The orc hits you with a +1 dagger of venom.
You are lethally poisoned!
You feel extremely sick.
You feel extremely sick.
You are too injured to fight recklessly!
It was a potion of haste.
You feel yourself speed up.
* * * LOW HITPOINT WARNING * * *
You feel very sick.
* * * LOW HITPOINT WARNING * * *
You feel sick. The orc attacks as it pursues you!
The orc hits you but does no damage.
You are more poisoned.
It was a potion of cancellation.
Your magical effects are unravelling.
You feel magically purged.
You feel yourself slow down.
* * * LOW HITPOINT WARNING * * *
You feel very sick. The orc hits you but does no damage.
You are more poisoned.
You die...

#..
######.#.###
##. #.#.#.. #.
#.#.#.# #.
#.#.#.#
#.#######.#.#o#
...........#o#
########.###)#
#.###.####
#.@.o....#
#.######## ###


You could see an orc.

Vanquished Creatures
  Terence (D:2)
  An orc wizard (D:2)
  An adder (D:3)
  A ribbon worm (D:3)
  3 dart slugs (D:1)
  7 orcs
  4 endoplasms
  3 giant cockroaches (D:1)
  5 hobgoblins
  2 jackals (D:1)
  3 quokkas (D:1)
  3 ball pythons
  4 bats
  2 frilled lizards
  A goblin (D:1)
  2 kobolds
  2 rats
45 creatures vanquished.

Notes
Turn   | Place    | Note
-------+----------+-------------------------------------------
     0 | D:1      | Griffin23 the Minotaur Fighter began the quest for the Orb.
     0 | D:1      | Reached XP level 1. HP: 19/19 MP: 0/0
   159 | D:1      | Reached XP level 2. HP: 27/27 MP: 1/1
   625 | D:1      | Reached XP level 3. HP: 33/33 MP: 2/2
   898 | D:2      | Found a faded altar of an unknown god.
   976 | D:2      | Noticed Terence
   982 | D:2      | Killed Terence
  1347 | D:2      | Reached XP level 4. HP: 32/41 MP: 3/3
  1791 | D:3      | Found a white marble altar of Elyvilon.
  1963 | D:3      | Succumbed to an orc's poison

Illustrated notes

Levels and vault maps discovered:
D:1:      dpeg_arrival_shrine, layout_loops_cross, serial_aquarium,
          aquarium_bridge_island_small [aquarium_subvault_small_open,
          aquarium_subvault_wall, aquarium_subvault_bridge,
          aquarium_subvault_window, aquarium_subvault_balcony],
          aquarium_window_corridor_1, aquarium_window_fake, aquarium_view_2e,
          aquarium_pool_corner
D:2:      layout_basic, hellmonk_ecumenical_altar_arch_garden, uniq_terence
D:3:      layout_basic, elyvilon_altar_3, uniq_natasha

Skill      XL: |  1  2  3  4 |
---------------+-------------+-----
Fighting       | 4 |  4.5
Shields        | 4 |  4.3
Long Blades    | 3 4 |  4.1
Armour         | 4 |  4.5

Action                     |  1- 3 |  4- 6 || total
---------------------------+-------+-------++-------
  Melee: Long sword        |    60 |    47 ||   107
         Headbutt          |    15 |     4 ||    19
    Use: Potion            |       |     2 ||     2
 Armour: Scale mail        |    14 |       ||    14
         Plate armour      |    35 |    51 ||    86
  Dodge: Dodged            |    25 |    15 ||    40
  Block: Buckler           |    16 |    10 ||    26

Table legend: (Time is in decaauts)
 A = Elapsed time spent in this place.
 B = Non-inter-level travel time spent in this place.
 C = Inter-level travel time spent in this place.
 D = Time resting spent in this place.
 E = Time spent auto-exploring this place.
 F = Levels seen in this place.
 G = Mean time per level.
                   A        B        C        D        E       F      G
               +--------+--------+--------+--------+--------+-----+--------+
         Total |   1994 |   1977 |     17 |     46 |   1592 |   3 |  664.7 |
       Dungeon |   1994 |   1977 |     17 |     46 |   1592 |   3 |  664.7 |
               +--------+--------+--------+--------+--------+-----+--------+

Top non-repeatable levels by time:
     D:1: 911 daAuts
     D:3: 583 daAuts
     D:2: 499 daAuts
